 Dungeon Crawl Stone Soup version 0.31-a0-83-gbff143cfd1 (webtiles) character file.

Game seed: 10296528862261599358

2885 pokeman the Thaumaturge (level 9, -1/73 HPs)
             Began as a Deep Elf Hedge Wizard on May 24, 2023.
             Was a Believer of Vehumet.
             Shot with an arrow by a centaur (5 damage)
             ... on level 8 of the Dungeon.
             The game lasted 00:23:24 (9328 turns).

pokeman the Thaumaturge (Deep Elf Hedge Wizard)     Turns: 9328, Time: 00:23:24

Health: -1/73      AC: 24    Str: 10 (13) XL:     9   Next: 48%
Magic:  16/26      EV:  2    Int: 23 (24) God:    Vehumet [**....]
Gold:   359        SH:  0    Dex: 13 (14) Spells: 23/31 levels left

rFire   . . .        E - +10 flail "Zerak" {vamp, rElec}
rCold   . . .        (no shield)
rNeg    . . .        t - melded +1 robe "Boulolou" {rC+ rN+ rCorr}
rPois   +            h - melded +2 hat
rElec   +            x - melded +0 cloak
rCorr   .            (gloves currently unavailable)
SInv    .            (boots currently unavailable)
Will    .....        (no amulet)
Stlth   ++           k - +6 ring of strength
HPRegen 0.32/turn    (no ring)
MPRegen 0.20/turn

%: no passive effects
@: lethally poisoned (-1 -> -4), tree-form, invisible
A: stationary, stasis, torment immunity, boosted hp
a: Renounce Religion


You were on level 8 of the Dungeon.
You worshipped Vehumet.
Vehumet was pleased with you.
You were a tree.
You visited 1 branch of the dungeon, and saw 8 of its levels.

You collected 359 gold pieces.

Inventory:

Hand Weapons
 w - a +4 quarterstaff of chaos
 E - the +10 flail "Zerak" (weapon) {vamp, rElec}
   (You took it off an orc on level 5 of the Dungeon)

   rElec:     It insulates you from electricity.
Missiles
 j - 2 throwing nets
 o - 2 curare-tipped darts
Armour
 h - a +2 hat (melded)
 t - the +1 robe "Boulolou" (melded) {rC+ rN+ rCorr}
   (You found it on level 3 of the Dungeon)

   rC:        It protects you from cold.
   rN:        It protects you from negative energy.
   rCorr:     It protects you from acid and corrosion.
 x - a +0 cloak (melded)
Jewellery
 k - a +6 ring of strength (left branch)
Wands
 n - a wand of iceblast (18)
 u - a wand of polymorph (8)
 v - a wand of flame (10)
Scrolls
 b - a scroll of enchant armour {unknown}
 e - 5 scrolls of noise {unknown}
 f - a scroll of blinking {unknown}
 g - 3 scrolls of amnesia {unknown}
 i - 14 scrolls of identify {unknown}
 l - 4 scrolls of teleportation {unknown}
 m - a scroll of magic mapping {unknown}
 p - 4 scrolls of fog {unknown}
 s - a scroll of enchant weapon {unknown}
 y - a scroll of vulnerability {unknown}
 C - 2 scrolls of silence {unknown}
 D - a scroll of torment {unknown}
Potions
 a - a potion of degeneration
 d - a potion of magic
 q - a potion of invisibility
 r - 2 potions of brilliance {unknown}
 z - a potion of might {unknown}
 A - a potion of berserk rage
 B - 2 potions of curing {unknown}


   Skills:
 + Level 2.6 Fighting
 - Level 3.0 Armour
 - Level 4.0 Dodging
 - Level 3.0 Stealth
 * Level 11.6 Spellcasting
 + Level 6.4 Conjurations
 + Level 5.2 Summonings
 - Level 1.1 Translocations
 - Level 1.1 Air Magic
 - Level 1.2 Poison Magic
 - Level 2.0 Evocations


You had 23 spell levels left.
You knew the following spells:

 Your Spells              Type           Power      Damage    Failure   Level
a - Magic Dart            Conj           100%       1d8       1%          1
b - Mephitic Cloud        Conj/Pois/Air  18%        N/A       10%         3
c - Call Imp              Summ           74%        N/A       1%          2
d - Blink                 Tloc           36%        N/A       4%          2

Your spell library contained the following spells:

 Spells                   Type           Power      Damage    Failure   Level
 Static Discharge         Conj/Air       48%        2-4/arc   2%          2
 Slow                     Hex            52%        N/A       4%          1
 Cigotuvi's Dreadful Rot  Necr/Pois/Air  16%        N/A       12%         2
 Ensorcelled Hibernation  Hex/Ice        12%        N/A       13%         2
 Spider Form              Tmut/Pois      9%         N/A       21%         3
 Cause Fear               Hex            6%         N/A       43%         4
 Anguish                  Hex/Necr       3%         N/A       65%         4
 Enfeeble                 Hex            6%         N/A       100%        7


Dungeon Overview and Level Annotations

Branches:
Dungeon (8/15)             Temple (0/1) D:7
   Lair: D:8-11

Altars:
Ashenzari
Dithmenos
Elyvilon
Gozag
Hepliaklqana
Makhleb
Okawaru
Trog
Vehumet
Xom
Yredelemnul

Shops:
D:4 [


Message History

* * * LOW HITPOINT WARNING * * *
You feel very sick.
The water moccasin barely misses your cerulean imp.
The water moccasin closely misses your cerulean imp.
Your cerulean imp barely misses the water moccasin.
Okay, then. 2 orcs and a centaur come into view.
Found a manual of Shields.
* * * LOW HITPOINT WARNING * * *
You feel sick.
The water moccasin bites your cerulean imp.
The orc barely misses you.
Your cerulean imp closely misses the water moccasin.
It was a potion of lignification.
You turn into a tree.
Your +0 cloak melds into your body.
Your +2 hat melds into your body.
The +1 robe "Boulolou" {rC+ rN+ rCorr} melds into your body.
Your roots penetrate the ground.
* * * LOW HITPOINT WARNING * * *
You feel sick.
The orc shouts!
The water moccasin misses your cerulean imp.
The orc hits you but does no damage. x2
The water moccasin bites your cerulean imp.
Your cerulean imp closely misses the water moccasin.
It was a potion of invisibility.
You fade into invisibility!
* * * LOW HITPOINT WARNING * * *
You feel sick.
The water moccasin bites your cerulean imp but does no damage.
An orc comes into view. It is wielding a +0 short sword.
The orc hits you but does no damage. x3
Your cerulean imp barely misses the water moccasin.
Unknown command.
The orc shouts!
You hit the orc.
You feel better.
The orc is severely wounded.
* * * LOW HITPOINT WARNING * * *
You feel sick.
The centaur wields a +0 orcbow.
The centaur shoots an arrow.
The arrow hits you.
You die...

#.. #.##.##...#
.............#
###.##.#...##
.##.#...#
.......O#
###.#.#S# #
###.#.#5##.#####
......#.o.......
#c...♣o.....##
#..###o###..# #.
.#.. ..# # #o# .
#.# #o# #.# #.


You could see a two-headed ogre (unable to see you), a water moccasin
(wandering, unable to see you, ally target), a centaur (unable to see you), 5
orcs and a friendly cerulean imp (summoned).

Vanquished Creatures
  Sigmund (D:3)
  3 yaks (D:6)
  An orc warrior (D:6)
  An ice beast (D:6)
  2 black bears (D:7)
  An ogre (D:6)
  3 phantoms
  2 bullfrogs
  3 scorpions
  5 wights (D:7)
  4 killer bees (D:8)
  6 hounds
  6 orc priests
  Crazy Yiuf (D:3)
  A jelly (D:5)
  Ijyb (D:3)
  Terence (D:3)
  2 iguanas (D:5)
  3 orc wizards
  Robin (D:3)
  8 gnolls
  7 adders
  2 dart slugs
  26 orcs
  3 bats (D:1)
  5 endoplasms
  A giant cockroach (D:1)
  23 goblins
  25 hobgoblins
  2 jackals (D:5)
  9 kobolds
  4 quokkas
  5 ball pythons
  A goblin zombie (D:6)
  A jackal zombie (D:6)
  6 rats
  A rat zombie (D:6)
177 creatures vanquished.

Vanquished Creatures (collateral kills)
  2 orcs (D:5)
  2 goblins (D:3)
4 creatures vanquished.

Grand Total: 181 creatures vanquished

Notes
Turn   | Place    | Note
-------+----------+-------------------------------------------
     0 | D:1      | pokeman the Deep Elf Hedge Wizard began the quest for the
                  | Orb.
     0 | D:1      | Reached XP level 1. HP: 10/10 MP: 7/7
   224 | D:1      | Reached XP level 2. HP: 15/15 MP: 3/9
   938 | D:1      | Reached skill level 5 in Spellcasting
  1159 | D:2      | Reached XP level 3. HP: 20/20 MP: 8/11
  1163 | D:2      | Learned a level 3 spell: Mephitic Cloud
  1166 | D:2      | Learned a level 2 spell: Call Imp
  1169 | D:2      | Learned a level 2 spell: Blink
  2250 | D:3      | Noticed Terence
  2266 | D:3      | Killed Terence
  2267 | D:3      | Reached skill level 1 in Fighting
  2267 | D:3      | Reached skill level 1 in Armour
  2445 | D:3      | Noticed Ijyb
  2474 | D:3      | Killed Ijyb
  2475 | D:3      | Reached XP level 4. HP: 17/25 MP: 8/13
  2778 | D:3      | Noticed Robin
  2798 | D:3      | Killed Robin
  2822 | D:3      | Reached skill level 6 in Spellcasting
  2909 | D:3      | Found a basalt altar of Yredelemnul.
  2973 | D:3      | Noticed Sigmund
  3064 | D:3      | HP: 1/25 [something/magic dart (7)]
  3523 | D:3      | Found a bloodstained altar of Trog.
  3526 | D:3      | Reached XP level 5. HP: 29/29 MP: 12/15
  3529 | D:3      | Identified the +1 robe "Boulolou" {rC+ rN+ rCorr}
  3692 | D:3      | Killed Sigmund
  3693 | D:3      | Reached skill level 1 in Evocations
  3693 | D:3      | Reached XP level 6. HP: 34/34 MP: 9/17
  3911 | D:3      | Found a radiant altar of Vehumet.
  3921 | D:3      | You fall into a shaft and drop 3 floors!
  4013 | D:6      | Noticed a yak
  4014 | D:6      | Noticed a yak
  4016 | D:6      | Noticed a yak
  4053 | D:6      | Noticed an orc warrior
  4066 | D:6      | Noticed an ice beast
  4117 | D:5      | Entered Level 5 of the Dungeon
  4212 | D:5      | Reached skill level 7 in Spellcasting
  4459 | D:3      | Became a worshipper of Vehumet
  4490 | D:3      | Found a runed translucent door.
  4491 | D:3      | Noticed Crazy Yiuf
  4503 | D:3      | Killed Crazy Yiuf
  4669 | D:3      | Found a burning altar of Makhleb.
  4669 | D:3      | Noticed an Executioner
  4672 | D:3      | Noticed an orange demon
  4672 | D:3      | Noticed a ynoxinul
  4900 | D:6      | Reached XP level 7. HP: 21/38 MP: 15/20
  4907 | D:6      | Found a broken altar of Ashenzari.
  4940 | D:6      | Reached skill level 1 in Air Magic
  4940 | D:6      | Reached skill level 1 in Poison Magic
  5180 | D:4      | Reached skill level 8 in Spellcasting
  5217 | D:4      | Found an opulent altar of Gozag.
  5546 | D:4      | Found a shimmering altar of Xom.
  5669 | D:4      | Found Yfeaze's Armour Boutique.
  6113 | D:5      | Reached * piety under Vehumet
  6113 | D:5      | Offered knowledge of Sandblast by Vehumet.
  6403 | D:5      | Reached XP level 8. HP: 31/44 MP: 10/22
  6479 | D:5      | Reached skill level 9 in Spellcasting
  6758 | D:5      | Identified the +10 flail "Zerak" {vamp, rElec}
  6913 | D:5      | Reached ** piety under Vehumet
  6913 | D:5      | Offered knowledge of Static Discharge by Vehumet.
  7267 | D:5      | Found a white marble altar of Elyvilon.
  7512 | D:5      | Found a shadowy altar of Dithmenos.
  7512 | D:5      | Found a hazy altar of Hepliaklqana.
  7804 | D:6      | Reached skill level 5 in Conjurations
  7825 | D:6      | Reached skill level 10 in Spellcasting
  8097 | D:6      | Reached XP level 9. HP: 48/48 MP: 12/25
  8366 | D:7      | Found an iron altar of Okawaru.
  8593 | D:7      | Reached skill level 11 in Spellcasting
  8985 | D:7      | Found a staircase to the Ecumenical Temple.
  9020 | D:7      | Reached skill level 5 in Summonings
  9307 | D:8      | Noticed a two-headed ogre
  9328 | D:8      | Shot with an arrow by a centaur

Illustrated notes

Levels and vault maps discovered:
D:1:      minmay_arrival_stair_chambers, layout_basic, serial_bayou_pond_c
D:2:      layout_loops_corners, nrook_uturn, nicolae_eternal_life
D:3:      layout_loops_ring, makhleb_altar_promises_db, lemuel_tele_altar,
          lightli_temple_of_fire, vehumet_altar_wand_db, supply_closet_lemuel,
          uniq_crazy_yiuf_cottage, uniq_robin, uniq_terence, uniq_sigmund,
          uniq_ijyb
D:4:      layout_loops_ring, mainiacjoe_overflow_paths,
          mainiacjoe_overflow_catwalk, minmay_shop_grid_forest
D:5:      corexii_shantytown, layout_layer_cave,
          riverfiend_overflow_shadow_ancestor, elyvilon_altar_1
D:6:      layout_loops_ring, lemuel_crystal_altar, enter_ossuary_3
D:7:      layout_cave_pools, mainiacjoe_overflow_tiny_flanked,
          minmay_temple_entry_sparse_star
D:8:      layout_loops_ring, kennysheep_little_box, minmay_lair_entry_grove,
          serial_bayou, serial_bayou_lake_a, serial_bayou_shore_a,
          serial_bayou_pond_a, serial_bayou_pond_e, serial_bayou_lagoon_a,
          serial_bayou_shore_b, minmay_manual_mail

Skill      XL: |  1  2  3  4  5  6  7  8  9 |
---------------+----------------------------+-----
Spellcasting   | 5 6 7 8 10 11 | 11.6
Fighting       | 1 2 |  2.6
Armour         | 1 2 3 |  3.0
Conjurations   | 2 3 4 5 6 |  6.4
Stealth        | 3 |  3.0
Dodging        | 3 4 |  4.0
Evocations     | 1 2 |  2.0
Air Magic      | 1 |  1.1
Poison Magic   | 1 |  1.2
Summonings     | 2 4 5 |  5.2
Translocations | |  1.1

Action                     |  1- 3 |  4- 6 |  7- 9 || total
---------------------------+-------+-------+-------++-------
  Melee: Dagger            |    12 |    38 |       ||    50
         Punch             |       |     1 |       ||     1
         Quarterstaff      |       |     4 |    33 ||    37
         Flail             |       |       |    57 ||    57
   Cast: Magic Dart        |    93 |    71 |   301 ||   465
         Mephitic Cloud    |     2 |    13 |    19 ||    34
         Call Imp          |     1 |    11 |     5 ||    17
         Blink             |       |     3 |     2 ||     5
    Use: Potion            |       |       |     3 ||     3
   Stab: Confused          |     2 |     4 |     9 ||    15
 Armour: Robe              |     7 |    10 |    47 ||    64
         Leather armour    |       |     2 |       ||     2
         Skin              |       |       |     5 ||     5
  Dodge: Dodged            |     6 |    35 |   109 ||   150

Table legend: (Time is in decaauts)
 A = Elapsed time spent in this place.
 B = Non-inter-level travel time spent in this place.
 C = Inter-level travel time spent in this place.
 D = Time resting spent in this place.
 E = Time spent auto-exploring this place.
 F = Levels seen in this place.
 G = Mean time per level.
                   A        B        C        D        E       F      G
               +--------+--------+--------+--------+--------+-----+--------+
         Total |   9363 |   9024 |    339 |    318 |   6836 |   8 | 1170.4 |
       Dungeon |   9363 |   9024 |    339 |    318 |   6836 |   8 | 1170.4 |
               +--------+--------+--------+--------+--------+-----+--------+

Top non-repeatable levels by time:
     D:5: 2097 daAuts
     D:3: 2015 daAuts
     D:1: 1126 daAuts
     D:2: 1121 daAuts
     D:4: 1053 daAuts
     D:6: 977 daAuts
     D:7: 838 daAuts
     D:8: 133 daAuts
